[Event "FICS rated blitz game"]
[Site "FICS freechess.org"]
[FICSGamesDBGameNo "20002512"]
[White "Caparoja"]
[Black "miff"]
[WhiteElo "1547"]
[BlackElo "1462"]
[WhiteRD "na"]
[BlackRD "na"]
[TimeControl "120+12"]
[Date "1999.10.11"]
[Time "15:55:00"]
[WhiteClock "0:02:00.000"]
[BlackClock "0:02:00.000"]
[ECO "A22"]
[PlyCount "87"]
[Result "1-0"]

1. c4 e5 2. Nc3 Nf6 3. d3 Bc5 4. g3 h6 5. Bg2 O-O 6. e4 d6 7. Nge2 a6 8. O-O Bg4 9. a3 Nc6 10. b4 Ba7 11. h3 Bh5 12. Be3 Nd4 13. g4 Nxe2+ 14. Qxe2 Bg6 15. Bxa7 Rxa7 16. f4 exf4 17. Rxf4 Re8 18. Raf1 c6 19. Qf2 Ra8 20. h4 d5 21. h5 Bh7 22. cxd5 cxd5 23. Nxd5 Nxd5 24. exd5 Bxd3 25. Re1 Rxe1+ 26. Qxe1 Qb6+ 27. Qf2 Qxf2+ 28. Kxf2 Rd8 29. Rd4 Bc2 30. d6 Ba4 31. Bxb7 Rd7 32. Bxa6 f6 33. Bc4+ Kf8 34. Be6 Rd8 35. Ke3 Re8 36. Re4 Bc6 37. d7 Rd8 38. Rd4 Ke7 39. Bf5 Bxd7 40. Rxd7+ Rxd7 41. Bxd7 Kxd7 42. Kf4 Ke7 43. Kf5 Kf7 44. b5 {Black resigns} 1-0

[Event "FICS rated blitz game"]
[Site "FICS freechess.org"]
[FICSGamesDBGameNo "20002511"]
[White "bral"]
[Black "Yar"]
[WhiteElo "2107"]
[BlackElo "1686"]
[WhiteRD "na"]
[BlackRD "na"]
[TimeControl "180+0"]
[Date "1999.10.11"]
[Time "15:55:00"]
[WhiteClock "0:03:00.000"]
[BlackClock "0:03:00.000"]
[ECO "D00"]
[PlyCount "100"]
[Result "1-0"]

1. d4 d5 2. Bf4 Nf6 3. e3 e6 4. Bd3 Nbd7 5. Nd2 Be7 6. h3 Nf8 7. Ngf3 Ng6 8. Bh2 Bd7 9. O-O h5 10. Ne5 Nxe5 11. Bxe5 c5 12. c4 dxc4 13. Nxc4 cxd4 14. exd4 Bc6 15. Rc1 Qd5 16. Ne3 Qxa2 17. Qe2 Qa5 18. Rfd1 Rc8 19. Bb5 Kd7 20. Bc4 b5 21. d5 Nxd5 22. Bxd5 Bxd5 23. Rxc8 Rxc8 24. Nxd5 exd5 25. Rxd5+ Ke8 26. Bd6 Qd8 27. Qxb5+ Kf8 28. Bxe7+ Qxe7 29. Rd1 Re8 30. Qxh5 Kg8 31. Qf3 Qc7 32. Qc3 Qe7 33. Qd3 a5 34. b3 Qb4 35. Qc4 Qxc4 36. bxc4 Rc8 37. Ra1 Rc5 38. Ra4 f6 39. Kf1 Kf7 40. Ke2 Ke6 41. Kd3 Ke5 42. Ra2 Kd6 43. Re2 Kc6 44. Kc3 a4 45. Re6+ Kd7 46. Ra6 Rf5 47. f3 Re5 48. Rxa4 Re2 49. Ra7+ Ke6 50. Rxg7 Kf5 {Black forfeits on time} 1-0

[Event "FICS rated blitz game"]
[Site "FICS freechess.org"]
[FICSGamesDBGameNo "20002510"]
[White "Parini"]
[Black "cksung"]
[WhiteElo "1341"]
[BlackElo "1438"]
[WhiteRD "na"]
[BlackRD "na"]
[TimeControl "240+0"]
[Date "1999.10.11"]
[Time "15:53:00"]
[WhiteClock "0:04:00.000"]
[BlackClock "0:04:00.000"]
[ECO "D31"]
[PlyCount "82"]
[Result "1-0"]

1. d4 d5 2. c4 e6 3. Nc3 Bb4 4. Bd2 Nc6 5. a3 Bxc3 6. Bxc3 Nf6 7. Nf3 O-O 8. e3 Ne4 9. Qc2 Nxc3 10. Qxc3 dxc4 11. Bxc4 f6 12. Qb3 Re8 13. O-O Kh8 14. Rfd1 Na5 15. Qb4 Nxc4 16. Qxc4 Qe7 17. d5 exd5 18. Rxd5 Be6 19. Nd4 Bxd5 20. Qxd5 Rad8 21. Qc4 Qd6 22. g3 c6 23. Nf5 Qd5 24. Qg4 g6 25. Nd4 Qe5 26. h4 f5 27. Qg5 c5 28. Ne2 Qxb2 29. Rf1 Qxe2 30. Qf6+ Kg8 31. Qc3 Rd1 32. Rxd1 Qxd1+ 33. Kh2 Qe2 34. Qb3+ Kh8 35. Kg1 Qe1+ 36. Kg2 Qe2 37. Qc3+ Kg8 38. Qb3+ Kh8 39. Qc3+ Kg8 40. g4 Rxe3 41. Qxe3 Qxe3 {Black forfeits on time} 1-0

[Event "FICS rated blitz game"]
[Site "FICS freechess.org"]
[FICSGamesDBGameNo "20002509"]
[White "fuchs"]
[Black "SlowDog"]
[WhiteElo "1754"]
[BlackElo "1520"]
[WhiteRD "na"]
[BlackRD "na"]
[TimeControl "120+12"]
[Date "1999.10.11"]
[Time "15:51:00"]
[WhiteClock "0:02:00.000"]
[BlackClock "0:02:00.000"]
[ECO "D11"]
[PlyCount "47"]
[Result "1-0"]

1. d4 d5 2. Nf3 c6 3. c4 Bf5 4. Nc3 e6 5. Bf4 Bb4 6. e3 Nf6 7. Rc1 Qa5 8. Qb3 Ne4 9. a3 Bxc3+ 10. bxc3 Nd7 11. Be2 dxc4 12. Bxc4 Nb6 13. Be2 Nd5 14. O-O Nxf4 15. exf4 O-O 16. Rfd1 Rab8 17. Ne5 Rfd8 18. Bf3 f6 19. Bxe4 Bxe4 20. Qxe6+ Kh8 21. Nf7+ Kg8 22. Nh6+ Kh8 23. Qg8+ Rxg8 24. Nf7# {Black checkmated} 1-0

[Event "FICS rated blitz game"]
[Site "FICS freechess.org"]
[FICSGamesDBGameNo "20002508"]
[White "Dogmatix"]
[Black "Raph"]
[WhiteElo "1745"]
[BlackElo "1738"]
[WhiteRD "na"]
[BlackRD "na"]
[TimeControl "180+0"]
[Date "1999.10.11"]
[Time "13:53:00"]
[WhiteClock "0:03:00.000"]
[BlackClock "0:03:00.000"]
[ECO "A41"]
[PlyCount "79"]
[Result "1-0"]

1. d4 d6 2. Nf3 Nd7 3. g3 c5 4. Bg2 g6 5. O-O Bg7 6. d5 Ngf6 7. c4 O-O 8. Nc3 a6 9. a4 Rb8 10. Qc2 Kh8 11. Bg5 Ng8 12. Qd2 f6 13. Be3 Ne5 14. Nxe5 fxe5 15. Ne4 b5 16. axb5 axb5 17. b3 bxc4 18. bxc4 Bf5 19. Nc3 Nf6 20. Rfb1 Ng4 21. h3 Nxe3 22. Qxe3 Rxb1+ 23. Nxb1 Qb6 24. Nc3 Qb3 25. g4 Bd7 26. Ra7 Rd8 27. Ne4 Qxe3 28. fxe3 Kg8 29. Kf2 Kf8 30. Kg3 h6 31. h4 Be8 32. g5 h5 33. Bh3 Rb8 34. Be6 Rb4 35. Ra8 Rb7 36. Nc3 e4 37. Nb5 Be5+ 38. Kf2 Rb6 39. Nc7 Rb1 40. Rxe8+ {Black forfeits on time} 1-0

[Event "FICS rated blitz game"]
[Site "FICS freechess.org"]
[FICSGamesDBGameNo "20002507"]
[White "SeBoon"]
[Black "jsb"]
[WhiteElo "1598"]
[BlackElo "1514"]
[WhiteRD "na"]
[BlackRD "na"]
[TimeControl "300+0"]
[Date "1999.10.11"]
[Time "12:44:00"]
[WhiteClock "0:05:00.000"]
[BlackClock "0:05:00.000"]
[ECO "C00"]
[PlyCount "108"]
[Result "1-0"]

1. e4 e6 2. d4 Ne7 3. f4 d5 4. e5 Nbc6 5. Nf3 Bd7 6. Bd3 Ng6 7. O-O Be7 8. c3 a6 9. Qe1 Na7 10. Be3 Bb5 11. Qd2 Bxd3 12. Qxd3 Rc8 13. Nbd2 c5 14. f5 exf5 15. Qxf5 O-O 16. Ng5 Bxg5 17. Bxg5 Qc7 18. Nf3 cxd4 19. Nxd4 Qxe5 20. Rae1 Qxf5 21. Nxf5 Rce8 22. Be7 Nxe7 23. Nxe7+ Kh8 24. Nxd5 g6 25. Rxe8 Rxe8 26. Rxf7 Re1+ 27. Kf2 Rd1 28. Rxb7 Rxd5 29. Rxa7 Rd2+ 30. Kf3 Rxb2 31. Rxa6 Kg7 32. a4 Rb3 33. Rc6 Ra3 34. Rc4 Kf6 35. Ke4 Ke6 36. h4 Kd6 37. g4 Ke6 38. Kd4 Kd6 39. h5 gxh5 40. gxh5 Ke6 41. Rb4 Kf6 42. c4 Kg5 43. Rb5+ Kh6 44. a5 Kg7 45. c5 Kf7 46. Kd5 Rh3 47. Kc6 Rxh5 48. a6 Rh6+ 49. Kb7 Re6 50. a7 Re7+ 51. Ka6 Rxa7+ 52. Kxa7 h5 53. c6 h4 54. c7 h3 {Black resigns} 1-0

[Event "FICS rated blitz game"]
[Site "FICS freechess.org"]
[FICSGamesDBGameNo "20002506"]
[White "wanderertom"]
[Black "Wedberg"]
[WhiteElo "1676"]
[BlackElo "1931"]
[WhiteRD "na"]
[BlackRD "na"]
[TimeControl "180+0"]
[Date "1999.10.11"]
[Time "11:57:00"]
[WhiteClock "0:03:00.000"]
[BlackClock "0:03:00.000"]
[ECO "A07"]
[PlyCount "135"]
[Result "1-0"]

1. Nf3 d5 2. g3 Bg4 3. Bg2 Nd7 4. c4 dxc4 5. Qa4 c6 6. Qxc4 Ngf6 7. Nc3 Nb6 8. Qb3 Be6 9. Qc2 g6 10. d3 Bg7 11. O-O O-O 12. e4 Ng4 13. h3 Ne5 14. Nxe5 Bxe5 15. Ne2 Qd7 16. Kh2 Rad8 17. Bh6 Bg7 18. Bxg7 Kxg7 19. Qc3+ f6 20. Nf4 Bf7 21. Rad1 e5 22. Ne2 Na4 23. Qc2 Nc5 24. b4 Ne6 25. Rd2 Nd4 26. Nxd4 Qxd4 27. a3 Rd6 28. Rfd1 Rfd8 29. Bf1 Be6 30. Qc5 Qxc5 31. bxc5 Rd4 32. Rb1 Rxe4 33. Rxb7+ Kg8 34. Rxa7 Red4 35. Rb2 R8d7 36. Rb8+ Kg7 37. Rbb7 f5 38. Rxd7+ Rxd7 39. Rxd7+ Bxd7 40. a4 Bc8 41. a5 Kf6 42. f4 exf4 43. gxf4 Ba6 44. Kg2 Ke6 45. d4 Kd5 46. Bxa6 Kxd4 47. Bb7 Kxc5 48. a6 Kb6 49. Bxc6 Kxa6 50. Be8 Kb6 51. Bf7 Kc5 52. Bg8 h6 53. Bh7 g5 54. fxg5 hxg5 55. Bxf5 Kd5 56. Kg3 Ke5 57. Kg4 Kf6 58. Be4 Ke5 59. Kxg5 Kxe4 60. h4 Ke3 61. h5 Kf2 62. h6 Kg3 63. h7 Kf2 64. h8=Q Kg1 65. Qb2 Kf1 66. Kf4 Ke1 67. Ke3 Kd1 68. Qd2# {Black checkmated} 1-0

[Event "FICS rated blitz game"]
[Site "FICS freechess.org"]
[FICSGamesDBGameNo "20002505"]
[White "sharkie"]
[Black "bral"]
[WhiteElo "1554"]
[BlackElo "2073"]
[WhiteRD "na"]
[BlackRD "na"]
[TimeControl "180+0"]
[Date "1999.10.11"]
[Time "11:56:00"]
[WhiteClock "0:03:00.000"]
[BlackClock "0:03:00.000"]
[ECO "A50"]
[PlyCount "126"]
[Result "0-1"]

1. d4 Nf6 2. c4 Nc6 3. Nc3 e5 4. d5 Ne7 5. e4 Ng6 6. Bg5 h6 7. Be3 b6 8. Qc2 Bc5 9. Bxc5 bxc5 10. Nf3 d6 11. Be2 O-O 12. O-O Nf4 13. h3 Bd7 14. Nh4 Qc8 15. Nf5 Bxf5 16. exf5 Nxe2+ 17. Nxe2 Rb8 18. Ng3 Qa6 19. b3 Qc8 20. Qe2 Qd7 21. Rad1 a5 22. Rd3 a4 23. Rf3 axb3 24. axb3 Rb4 25. Ne4 Nxe4 26. Qxe4 f6 27. Rg3 Rfb8 28. Qh4 Rxb3 29. Rxb3 Rxb3 30. Qg4 c6 31. Ra1 Rb8 32. Qe4 cxd5 33. Qxd5+ Kh7 34. g4 h5 35. Rd1 hxg4 36. hxg4 g5 37. Kg2 Rb4 38. Qxd6 Qxd6 39. Rxd6 Kg7 40. Rd7+ Kf8 41. Rd8+ Ke7 42. Rh8 Rxc4 43. Rh7+ Kf8 44. Rc7 Rxg4+ 45. Kf3 Rf4+ 46. Ke3 Rxf5 47. Rxc5 Rf4 48. Rc6 Kg7 49. Rc1 Kg6 50. Rg1 Kf5 51. f3 Ra4 52. Kf2 Ra2+ 53. Kg3 Ra3 54. Rf1 g4 55. Kg2 Rxf3 56. Rxf3+ gxf3+ 57. Kxf3 e4+ 58. Ke3 Ke5 59. Kd2 f5 60. Ke3 f4+ 61. Kf2 Kd4 62. Ke2 f3+ 63. Kf2 Kd3 {White resigns} 0-1

[Event "FICS rated blitz game"]
[Site "FICS freechess.org"]
[FICSGamesDBGameNo "20002504"]
[White "Phthalos"]
[Black "Drale"]
[WhiteElo "1866"]
[BlackElo "1539"]
[WhiteRD "na"]
[BlackRD "na"]
[TimeControl "180+0"]
[Date "1999.10.11"]
[Time "11:41:00"]
[WhiteClock "0:03:00.000"]
[BlackClock "0:03:00.000"]
[ECO "B20"]
[PlyCount "100"]
[Result "0-1"]

1. e4 c5 2. Bc4 e6 3. Nc3 a6 4. a4 Nc6 5. Nge2 Na5 6. Ba2 b6 7. O-O Bb7 8. d3 d5 9. Ng3 Nf6 10. Bg5 Be7 11. Re1 dxe4 12. Ncxe4 Nxe4 13. Bxe7 Qxe7 14. Nxe4 Rd8 15. Qh5 Bxe4 16. Rxe4 O-O 17. Rh4 h6 18. Rg4 Qf6 19. Re1 Kh8 20. Re3 Qxb2 21. Qe5 Qxe5 22. Rxe5 Rd4 23. Rxd4 cxd4 24. Re4 Rc8 25. Rxd4 Rxc2 26. Rd8+ Kh7 27. h3 Rxa2 28. Rb8 Rxa4 29. Rxb6 Rd4 30. Rxa6 Nb3 31. Ra7 Rxd3 32. Rxf7 Nd2 33. Re7 Ne4 34. Rxe6 Rd1+ 35. Kh2 Nxf2 36. Re7 Nd3 37. Rd7 Nb2 38. Rb7 Rd2 39. Kg3 Nc4 40. Rb4 Ne3 41. Rb3 Nxg2 42. Kf3 g5 43. Rb7+ Kg6 44. Kg4 Rd4+ 45. Kf3 Nf4 46. Rb6+ Kh5 47. h4 Rd3+ 48. Ke4 Kxh4 49. Rxh6+ Kg4 50. Rf6 Ra3 {White forfeits on time} 0-1

[Event "FICS rated blitz game"]
[Site "FICS freechess.org"]
[FICSGamesDBGameNo "20002503"]
[White "Rycerz"]
[Black "HandsUp"]
[WhiteElo "1269"]
[BlackElo "1321"]
[WhiteRD "na"]
[BlackRD "na"]
[TimeControl "120+12"]
[Date "1999.10.11"]
[Time "10:55:00"]
[WhiteClock "0:02:00.000"]
[BlackClock "0:02:00.000"]
[ECO "D30"]
[PlyCount "101"]
[Result "1-0"]

1. d4 d5 2. c4 e6 3. a3 Nf6 4. Nc3 Nc6 5. Nf3 b6 6. Bg5 Be7 7. e3 Bb7 8. b4 h6 9. Bxf6 Bxf6 10. g3 O-O 11. cxd5 exd5 12. Bg2 Re8 13. O-O Ne7 14. Qb3 Nf5 15. Nd2 Ne7 16. Rac1 Rc8 17. Nb5 a6 18. Nc3 Qd7 19. f4 c5 20. bxc5 bxc5 21. Na4 Rc7 22. dxc5 Bc6 23. Nb6 Qf5 24. Nf3 Rb8 25. Nd4 Bxd4 26. exd4 Bb5 27. Nxd5 Nxd5 28. Bxd5 Qh3 29. Rfe1 Qd7 30. a4 Bc6 31. Qxb8+ Rc8 32. Bxf7+ Kxf7 33. Qe5 Qh3 34. Qe7+ Kg8 35. Rc2 Re8 36. Qxe8+ Bxe8 37. Rxe8+ Kf7 38. Rce2 Qf5 39. R2e7+ Kg6 40. Re6+ Kh7 41. Re5 Qb1+ 42. Kg2 Qb2+ 43. Kh3 Qxd4 44. R8e7 Qxa4 45. Ra7 Qc6 46. Ree7 Qxc5 47. Rxg7+ Kh8 48. Rgc7 Qf5+ 49. Kg2 Qd5+ 50. Kh3 h5 51. Rc8+ {Black resigns} 1-0

[Event "FICS rated blitz game"]
[Site "FICS freechess.org"]
[FICSGamesDBGameNo "20002502"]
[White "KnightMate"]
[Black "Haemophore"]
[WhiteElo "1639"]
[BlackElo "1894"]
[WhiteRD "na"]
[BlackRD "na"]
[TimeControl "180+0"]
[Date "1999.10.11"]
[Time "10:16:00"]
[WhiteClock "0:03:00.000"]
[BlackClock "0:03:00.000"]
[ECO "B06"]
[PlyCount "52"]
[Result "0-1"]

1. Nc3 g6 2. d4 Bg7 3. e4 d6 4. f4 c5 5. d5 a6 6. a4 e6 7. Bc4 exd5 8. Nxd5 Be6 9. Nf3 Ne7 10. O-O Bxd5 11. Bxd5 Nbc6 12. Be3 O-O 13. f5 Nxd5 14. exd5 Ne5 15. Nxe5 Bxe5 16. Bh6 Re8 17. fxg6 hxg6 18. Qf3 Qe7 19. Rae1 Rad8 20. Kh1 Rd7 21. Rxe5 dxe5 22. Qg3 Rxd5 23. Bg5 Qe6 24. Bf6 Rd4 25. Qh3 Qxh3 26. gxh3 Re6 {White resigns} 0-1

[Event "FICS rated blitz game"]
[Site "FICS freechess.org"]
[FICSGamesDBGameNo "20002500"]
[White "kimk"]
[Black "Gnatman"]
[WhiteElo "1424"]
[BlackElo "1410"]
[WhiteRD "na"]
[BlackRD "na"]
[TimeControl "180+0"]
[Date "1999.10.11"]
[Time "09:25:00"]
[WhiteClock "0:03:00.000"]
[BlackClock "0:03:00.000"]
[ECO "C41"]
[PlyCount "49"]
[Result "1-0"]

1. e4 e5 2. Nf3 d6 3. Bc4 Bg4 4. d3 Qf6 5. O-O Bxf3 6. gxf3 Nh6 7. Kh1 Be7 8. Rg1 Nd7 9. Bb5 c6 10. Ba4 a5 11. c4 Nc5 12. Bc2 Qh4 13. Nc3 Qxf2 14. Rg2 Qh4 15. Be3 f5 16. Qg1 g6 17. Bf2 Qf6 18. Bxc5 dxc5 19. Rf1 O-O 20. Na4 fxe4 21. Rgf2 exd3 22. Bxd3 Rad8 23. Be4 Qg5 24. Rg2 Qh4 25. Bxg6 {Black forfeits on time} 1-0

[Event "FICS rated blitz game"]
[Site "FICS freechess.org"]
[FICSGamesDBGameNo "20002499"]
[White "psychotic"]
[Black "hazmat"]
[WhiteElo "1492"]
[BlackElo "1543"]
[WhiteRD "na"]
[BlackRD "na"]
[TimeControl "240+0"]
[Date "1999.10.11"]
[Time "08:54:00"]
[WhiteClock "0:04:00.000"]
[BlackClock "0:04:00.000"]
[ECO "C30"]
[PlyCount "79"]
[Result "1-0"]

1. e4 e5 2. f4 d6 3. Nf3 Bg4 4. Bc4 Bxf3 5. Qxf3 Nc6 6. O-O Nf6 7. d3 exf4 8. Bxf4 Be7 9. Nc3 O-O 10. Qg3 Nh5 11. Qf3 Nxf4 12. Qxf4 Ne5 13. Bb3 Bg5 14. Qg3 Bh4 15. Qf4 Qg5 16. Qf5 Qe3+ 17. Kh1 g6 18. Qh3 Qxh3 19. gxh3 Kg7 20. Rf4 Bg5 21. Rf2 h5 22. Raf1 Be3 23. Rg2 Kh6 24. Ne2 c6 25. d4 Nd7 26. Rg3 Bg5 27. Rxf7 Rxf7 28. Bxf7 Rf8 29. Be6 Rf1+ 30. Kg2 Re1 31. Kf2 Rh1 32. Rg2 Bh4+ 33. Ke3 Nf6 34. Bf7 Bg5+ 35. Kd3 Rd1+ 36. Kc4 b5+ 37. Kb4 Nxe4 38. h4 c5+ 39. dxc5 dxc5+ 40. Kxb5 {Black forfeits on time} 1-0

[Event "FICS rated blitz game"]
[Site "FICS freechess.org"]
[FICSGamesDBGameNo "20002498"]
[White "easyslo"]
[Black "killermove"]
[WhiteElo "2144"]
[BlackElo "2021"]
[WhiteRD "na"]
[BlackRD "na"]
[TimeControl "240+0"]
[Date "1999.10.11"]
[Time "06:36:00"]
[WhiteClock "0:04:00.000"]
[BlackClock "0:04:00.000"]
[ECO "A00"]
[PlyCount "99"]
[Result "1-0"]

1. g3 g6 2. Bg2 Bg7 3. d4 Nf6 4. e4 d6 5. Ne2 O-O 6. O-O e5 7. h3 Qe7 8. Nbc3 c6 9. f4 Nbd7 10. Be3 b6 11. Qd2 Ba6 12. Rf2 Rad8 13. Kh2 Rfe8 14. Re1 b5 15. a3 Bb7 16. Qc1 a5 17. dxe5 dxe5 18. f5 b4 19. axb4 axb4 20. Na4 c5 21. Bg5 Bc6 22. b3 Ra8 23. Nb2 Qf8 24. Ng1 h6 25. Be3 g5 26. Nc4 Qe7 27. h4 Ng4+ 28. Kh1 Nxf2+ 29. Bxf2 Nf6 30. hxg5 hxg5 31. Qxg5 Ra2 32. Re2 Ra1 33. g4 Qf8 34. Qh4 Nd7 35. g5 f6 36. g6 Bh6 37. Nd6 Re7 38. Nf7 Rxf7 39. gxf7+ Kxf7 40. Kh2 Bg5 41. Qh5+ Ke7 42. Nh3 Qh6 43. Bf3 Bf4+ 44. Kg2 Qxh5 45. Bxh5 Bh6 46. Kf3 Ra2 47. Bh4 Bb5 48. Rg2 Bc6 49. Re2 Bf8 50. Ng1 {Black forfeits on time} 1-0

[Event "FICS rated blitz game"]
[Site "FICS freechess.org"]
[FICSGamesDBGameNo "20002497"]
[White "imre"]
[Black "mikkk"]
[WhiteElo "1204"]
[BlackElo "819"]
[WhiteRD "na"]
[BlackRD "na"]
[TimeControl "300+5"]
[Date "1999.10.11"]
[Time "04:40:00"]
[WhiteClock "0:05:00.000"]
[BlackClock "0:05:00.000"]
[ECO "D02"]
[PlyCount "55"]
[Result "1-0"]

1. d4 c6 2. Nf3 d5 3. Bf4 Na6 4. h3 Bf5 5. e3 g6 6. Bd3 Nf6 7. b3 Bg7 8. O-O Nb4 9. Bxf5 gxf5 10. c3 Na6 11. Nbd2 e6 12. c4 dxc4 13. bxc4 Nb4 14. Ne5 Ne4 15. Ndf3 Rg8 16. Qb3 Nd2 17. Nxd2 Bxe5 18. Bxe5 Na6 19. Qxb7 Nc7 20. Bxc7 Qd7 21. Qxa8+ Ke7 22. Qxa7 Kf6 23. Be5+ Ke7 24. Qxd7+ Kxd7 25. Rab1 Rf8 26. Rb7+ Kc8 27. Rb8+ Kd7 28. Rxf8 {Black resigns} 1-0

[Event "FICS rated lightning game"]
[Site "FICS freechess.org"]
[FICSGamesDBGameNo "20002496"]
[White "martingale"]
[Black "falaleev"]
[WhiteElo "1547"]
[BlackElo "1509"]
[WhiteRD "na"]
[BlackRD "na"]
[TimeControl "120+0"]
[Date "1999.10.11"]
[Time "03:23:00"]
[WhiteClock "0:02:00.000"]
[BlackClock "0:02:00.000"]
[ECO "C00"]
[PlyCount "43"]
[Result "1-0"]

1. e4 e6 2. Nf3 d5 3. exd5 exd5 4. Qe2+ Qe7 5. d4 Qxe2+ 6. Bxe2 Bb4+ 7. Nbd2 Ne7 8. c3 Ba5 9. O-O Be6 10. Re1 Nbc6 11. Ne5 Nxe5 12. dxe5 Ng6 13. b4 Bb6 14. Nf3 Bg4 15. h3 Bf5 16. Nd4 O-O-O 17. Nxf5 Rhg8 18. g3 Rde8 19. Nd4 Rxe5 20. Bf4 Re4 21. Bd3 Rxe1+ 22. Rxe1 {Black resigns} 1-0

[Event "FICS rated blitz game"]
[Site "FICS freechess.org"]
[FICSGamesDBGameNo "20002495"]
[White "Bzz"]
[Black "special"]
[WhiteElo "1583"]
[BlackElo "1426"]
[WhiteRD "na"]
[BlackRD "na"]
[TimeControl "300+0"]
[Date "1999.10.11"]
[Time "00:17:00"]
[WhiteClock "0:05:00.000"]
[BlackClock "0:05:00.000"]
[ECO "D15"]
[PlyCount "69"]
[Result "1-0"]

1. d4 d5 2. c4 c6 3. Nf3 Nf6 4. Nc3 dxc4 5. e4 b5 6. e5 Nd5 7. a4 b4 8. Ne4 Ba6 9. Nc5 e6 10. Nxa6 Nxa6 11. Bxc4 Qb6 12. Qe2 Nac7 13. O-O Be7 14. Bg5 O-O 15. Bxe7 Nxe7 16. Rfd1 c5 17. dxc5 Qxc5 18. Rac1 Qb6 19. Bb5 Ncd5 20. Nd4 a6 21. Bc4 Nf4 22. Qe4 Nfg6 23. Bd3 Rac8 24. h4 h5 25. Nf3 Nf5 26. g3 Nxg3 27. Qe3 Qxe3 28. fxe3 Rxc1 29. Rxc1 Rd8 30. Bxg6 fxg6 31. Ng5 Ne2+ 32. Kf2 Nxc1 33. Kf3 Rd1 34. Nxe6 Rf1+ 35. Ke4 {Black forfeits on time} 1-0

[Event "FICS rated blitz game"]
[Site "FICS freechess.org"]
[FICSGamesDBGameNo "20002494"]
[White "spyknight"]
[Black "EchecEtMat"]
[WhiteElo "939"]
[BlackElo "1234"]
[WhiteRD "na"]
[BlackRD "na"]
[TimeControl "120+12"]
[Date "1999.10.10"]
[Time "23:03:00"]
[WhiteClock "0:02:00.000"]
[BlackClock "0:02:00.000"]
[ECO "C50"]
[PlyCount "51"]
[Result "0-1"]

1. e4 e5 2. Nf3 Nc6 3. Bc4 Bc5 4. d3 h6 5. O-O Nf6 6. Be3 Bb6 7. Bxb6 axb6 8. a3 O-O 9. Nc3 d6 10. Nb5 Be6 11. Bxe6 fxe6 12. c4 Ne7 13. d4 c6 14. c5 dxc5 15. dxc5 cxb5 16. Qxd8 Raxd8 17. Nxe5 Nxe4 18. f3 Nxc5 19. h4 Nf5 20. Ng6 Rf6 21. Nf4 Ng3 22. h5 Nxf1 23. Ng6 Ng3 24. b4 Nd7 25. Ne7+ Kf7 26. Nc8 {White resigns} 0-1

[Event "FICS rated lightning game"]
[Site "FICS freechess.org"]
[FICSGamesDBGameNo "20002493"]
[White "Vincia"]
[Black "Baxter"]
[WhiteElo "1850"]
[BlackElo "1165"]
[WhiteRD "na"]
[BlackRD "na"]
[TimeControl "60+0"]
[Date "1999.10.10"]
[Time "22:49:00"]
[WhiteClock "0:01:00.000"]
[BlackClock "0:01:00.000"]
[ECO "B32"]
[PlyCount "41"]
[Result "1-0"]

1. e4 c5 2. Nf3 Nc6 3. d4 cxd4 4. Nxd4 Nxd4 5. Qxd4 b6 6. Bf4 Nf6 7. e5 Ng4 8. Bg3 d6 9. Qe4 dxe5 10. Bxe5 f6 11. Bc3 e5 12. Qxa8 Bc5 13. Bb5+ Bd7 14. Bxd7+ Kxd7 15. Qxa7+ Kc6 16. Qa4+ b5 17. Qxg4 b4 18. Qf3+ Kb5 19. a4+ Kb6 20. Bd2 b3 21. Nc3 {Black forfeits on time} 1-0

[Event "FICS rated blitz game"]
[Site "FICS freechess.org"]
[FICSGamesDBGameNo "20002492"]
[White "Kianto"]
[Black "Kobac"]
[WhiteElo "1483"]
[BlackElo "1678"]
[WhiteRD "na"]
[BlackRD "na"]
[TimeControl "240+12"]
[Date "1999.10.10"]
[Time "22:32:00"]
[WhiteClock "0:04:00.000"]
[BlackClock "0:04:00.000"]
[ECO "E70"]
[PlyCount "120"]
[Result "0-1"]

1. e4 d6 2. d4 Nf6 3. Bd3 g6 4. c4 Bg7 5. Nc3 O-O 6. h3 Nc6 7. Nf3 e5 8. d5 Ne7 9. O-O Nd7 10. Bg5 h6 11. Be3 f5 12. exf5 gxf5 13. Nh2 e4 14. Be2 Ne5 15. Rc1 N7g6 16. f4 exf3 17. Nxf3 Nxf3+ 18. Bxf3 Bd7 19. Bh5 Ne5 20. b3 Qh4 21. Rf4 Qe7 22. Qd2 a6 23. Ne2 Be8 24. Bxe8 Raxe8 25. Rff1 Nxc4 26. Rxc4 Qxe3+ 27. Qxe3 Rxe3 28. Nf4 Be5 29. Ne6 Rc8 30. Rxf5 b5 31. Rg4+ Kh8 32. Rf7 Re1+ 33. Kf2 Ra1 34. Rg6 Rxa2+ 35. Ke3 Rb2 36. Rxh6+ Kg8 37. Rf5 Rxb3+ 38. Ke4 Rg3 39. Rg5+ Rxg5 40. Nxg5 b4 41. Ne6 b3 42. Rg6+ Kh7 43. Kf5 b2 44. Ng5+ Kh8 45. Rh6+ Kg8 46. Rg6+ Kh8 47. Rh6+ Kg8 48. Rg6+ Bg7 49. Ne6 b1=Q+ 50. Kg5 Qc1+ 51. Kh5 Qc3 52. Nxg7 Qxg7 53. Rxg7+ Kxg7 54. Kg4 a5 55. Kf3 a4 56. Ke3 a3 57. Kd4 a2 58. Ke4 a1=Q 59. Kf3 Re8 60. g4 Qc3+ {White resigns} 0-1

[Event "FICS rated blitz game"]
[Site "FICS freechess.org"]
[FICSGamesDBGameNo "20002491"]
[White "Phylox"]
[Black "mykees"]
[WhiteElo "1233"]
[BlackElo "1248"]
[WhiteRD "na"]
[BlackRD "na"]
[TimeControl "120+12"]
[Date "1999.10.10"]
[Time "20:33:00"]
[WhiteClock "0:02:00.000"]
[BlackClock "0:02:00.000"]
[ECO "C50"]
[PlyCount "58"]
[Result "0-1"]

1. e4 e5 2. Nf3 Nc6 3. Bc4 h6 4. d3 d6 5. Be3 g5 6. h3 a6 7. Nfd2 Nge7 8. Qh5 Ng6 9. Nc3 Nce7 10. Bxg5 Bg7 11. Bh4 c6 12. Bg3 b5 13. Bb3 a5 14. a4 b4 15. Nb5 cxb5 16. f4 exf4 17. Bxf4 O-O 18. Bxh6 Be6 19. O-O-O Bxb3 20. Nxb3 Nc6 21. axb5 Nce5 22. d4 Nc4 23. Nd2 Nxd2 24. Rxd2 Qf6 25. Rdd1 Nf4 26. Rhf1 Bxh6 27. Qg4+ Qg6 28. Qd7 Rad8 29. Qc7 Nd5+ {White resigns} 0-1

[Event "FICS rated blitz game"]
[Site "FICS freechess.org"]
[FICSGamesDBGameNo "20002490"]
[White "Manhandle"]
[Black "compassion"]
[WhiteElo "1752"]
[BlackElo "1848"]
[WhiteRD "na"]
[BlackRD "na"]
[TimeControl "180+0"]
[Date "1999.10.10"]
[Time "18:57:00"]
[WhiteClock "0:03:00.000"]
[BlackClock "0:03:00.000"]
[ECO "C11"]
[PlyCount "86"]
[Result "0-1"]

1. e4 e6 2. d4 d5 3. Nc3 Nf6 4. exd5 Nxd5 5. Bc4 Bb4 6. Bxd5 exd5 7. Ne2 O-O 8. O-O Bf5 9. Bf4 Nd7 10. Nb5 c6 11. Nd6 Bxd6 12. Bxd6 Re8 13. Ng3 Bg6 14. c3 Qg5 15. Qf3 Re6 16. Bf4 Qf6 17. Rae1 Rae8 18. Rxe6 Qxe6 19. b3 Nf6 20. Be5 Ng4 21. Re1 f6 22. h3 Nxe5 23. dxe5 fxe5 24. Ne2 Qf6 25. Qg3 Rf8 26. Nc1 b6 27. Re2 c5 28. Nd3 e4 29. Ne5 Bh5 30. Nd7 Qf7 31. Re3 Qxd7 32. Qe5 Qf5 33. Qg3 d4 34. cxd4 cxd4 35. Re1 d3 36. f3 exf3 37. gxf3 Qc5+ 38. Kg2 Bxf3+ 39. Qxf3 Rxf3 40. Kxf3 Qf5+ 41. Ke3 Kf7 42. Kd2 Qf2+ 43. Kd1 Qc2# {White checkmated} 0-1

[Event "FICS rated blitz game"]
[Site "FICS freechess.org"]
[FICSGamesDBGameNo "20002489"]
[White "ivon"]
[Black "SpoozleI"]
[WhiteElo "1660"]
[BlackElo "1591"]
[WhiteRD "na"]
[BlackRD "na"]
[TimeControl "300+0"]
[Date "1999.10.10"]
[Time "18:54:00"]
[WhiteClock "0:05:00.000"]
[BlackClock "0:05:00.000"]
[ECO "C00"]
[PlyCount "87"]
[Result "1-0"]

1. e4 e6 2. d3 d5 3. Nd2 c5 4. Ngf3 Nc6 5. g3 d4 6. Bg2 e5 7. O-O Be7 8. Nc4 f6 9. c3 Be6 10. Ncd2 Qd7 11. cxd4 cxd4 12. b3 Nb4 13. Nc4 Nc6 14. Nfd2 Nh6 15. f4 Bh3 16. Qf3 Bxg2 17. Kxg2 Rf8 18. Qh5+ Kd8 19. fxe5 Qg4 20. Qxg4 Nxg4 21. Nf3 b5 22. exf6 Rxf6 23. Nb2 Kd7 24. h3 Rxf3 25. Rxf3 Nge5 26. Rf2 Nb4 27. Bf4 Nexd3 28. Nxd3 Nxd3 29. Rd2 Nxf4+ 30. gxf4 Bc5 31. Rc1 Bb6 32. Kf3 Rf8 33. Rg1 Rf7 34. h4 Kd6 35. h5 Rc7 36. Rd3 Ke6 37. e5 h6 38. Ke4 Rc3 39. f5+ Kf7 40. e6+ Kf8 41. Rxc3 dxc3 42. Rc1 Ba5 43. Kd3 b4 44. Kc4 {Black forfeits on time} 1-0